 Dungeon Crawl Stone Soup version 0.32-a0-876-gcfddb08e57 (webtiles) character file.

Game seed: 13303063630023635895

131 Fractals the Conjurer (level 5, -1/30 HPs)
             Began as a Tengu Conjurer on Apr 1, 2024.
             Slain by a sky beast (5 damage)
             ... on level 4 of the Dungeon.
             The game lasted 00:07:13 (2862 turns).

Fractals the Conjurer (Tengu Conjurer)              Turns: 2862, Time: 00:07:13

Health: -1/30      AC:  2    Str:  7    XL:     5   Next: 14%
Magic:  5/10       EV: 12    Int: 18    God:
Gold:   159        SH:  0    Dex: 20    Spells: 7/10 levels left

rFire   . . .        s - +0 spear "Feebioc" {protect, Dex+5}
rCold   . . .        (no shield)
rNeg    . . .        a - +0 robe
rPois   .            (helmet restricted)
rElec   .            (no cloak)
rCorr   .            (no gloves)
SInv    .            (boots unavailable)
Will    .....        (no amulet)
Stlth   +++          (no ring)
HPRegen 0.25/turn    (no ring)
MPRegen 0.12/turn

%: acrobat
@: no status effects
A: beak, talons 3, acrobatic
a: no special abilities


You were on level 4 of the Dungeon.
You visited 1 branch of the dungeon, and saw 4 of its levels.

You collected 159 gold pieces.

Inventory:

Hand Weapons
 e - a +0 short sword
 s - the +0 spear "Feebioc" (weapon) {protect, Dex+5}
   (You found it on level 3 of the Dungeon)

   Dex+5:     It affects your dexterity (+5).
Armour
 a - a +0 robe (worn)
Magical Staves
 u - a staff of fire
Jewellery
 g - an amulet of faith
 k - a ring of ice
Wands
 p - a wand of mindburst (9)
Scrolls
 c - a scroll of blinking
 h - 2 scrolls of identify
 i - a scroll of revelation {unknown}
 q - a scroll of immolation {unknown}
 r - 2 scrolls of fog {unknown}
 t - a scroll of amnesia {unknown}
 v - a scroll of teleportation {unknown}
 x - a scroll of poison {unknown}
Potions
 b - a potion of magic
 d - a potion of might {unknown}
 f - 2 potions of curing
 j - a potion of resistance {unknown}
 l - a potion of ambrosia {unknown}
 m - a potion of brilliance {unknown}
 n - a potion of berserk rage {unknown}
 o - 4 potions of heal wounds {unknown}
 w - a potion of degeneration {unknown}


   Skills:
 - Level 2.0 Fighting
 - Level 2.1 Dodging
 - Level 3.0 Stealth
 + Level 3.1 Spellcasting
 + Level 6.2 Conjurations


You had 7 spell levels left.
You knew the following spells:

 Your Spells              Type           Power      Damage    Failure   Level
a - Magic Dart            Conj           100%       1d8       1%          1
b - Searing Ray           Conj           50%        2d6       1%          2

Your spell library contained the following spells:

 Spells                   Type           Power      Damage    Failure   Level
 Foxfire                  Conj/Fire      56%        2x1d6     4%          1
 Momentum Strike          Conj/Tloc      28%        3d8       7%          2
 Blink                    Tloc           4%         N/A       24%         2
 Lesser Beckoning         Tloc           4%         N/A       24%         2
 Fulminant Prism          Conj/Alch      7%         3d7       41%         4
 Iskenderun's Mystic Bla Conj/Tloc 14%            2d5        (+2d2     41%         4
 Arcjolt                  Conj/Air       7%         1d17      77%         5
 Vhi's Electric Charge    Tloc/Air       4%         N/A       85%         4
 Plasma Beam              Fire/Air       1%         2x1d11    100%        6
 Starburst                Conj/Fire      7%         6d4       100%        6


Dungeon Overview and Level Annotations

Branches:
Dungeon (4/15)
 Temple: D:4-7

Altars:
Ashenzari
Ru


Innate Abilities, Weirdness & Mutations

You have a beak for a mouth.
You have claws for feet.
You can magically evade attacks while moving or waiting.


Message History

You kill the dart slug!
You open the door.
There is an open door here.
You open the door.
There is an open door here.
There is an open door here.
You open the door.
There is an open door here.
There is an open door here.
A sky beast comes into view.
Casting: Magic Dart (safe; 1% risk of failure)
Confirm with . or Enter, or press ? or * to list all spells.
Aiming: Searing Ray (safe; 1% risk of failure)
Press: ? - help, Shift-Dir - straight line, f - sky beast
Aim: a sky beast (71% to hit)
The searing ray misses the sky beast. (Press . to maintain the ray.) Unknown command.
The searing ray hits the sky beast!
The sky beast is moderately wounded.
The sky beast completely misses you.
The searing ray hits the sky beast.
The sky beast is moderately wounded.
The sky beast flickers out of sight!
Deactivating autopickup; reactivate with Ctrl-A.
Something closely misses you.
The searing ray hits something.
You finish channelling your searing ray.
Something hits you. Something shocks you.
Unknown command.
You miss something. Your peck misses something. Something hits you.
Something shocks you.
You closely miss something. Your kick misses something. Something hits you.
Something shocks you.
* * * LOW HITPOINT WARNING * * *
You barely miss something. Your kick misses something.
Your peck misses something. Something hits you.
* * * LOW HITPOINT WARNING * * *
Something shocks you.
You die...

.....##
#.##'#.##+#.##'#. .###..
#................
#.##'#.##'#.##'#.
#.#..#.#..#.#.)#.
#.#..'.').#.#..'.
#.####.####.####.
#................
########.###############
.......@.# ##....#{##
+... #.. #.. #... #.
#.... .. ...... #
#.##### ..#


There were no monsters in sight!

Vanquished Creatures
  An iguana (D:3)
  3 adders
  A dart slug (D:4)
  3 ribbon worms (D:2)
  2 orcs
  4 ball pythons
  8 bats
  5 endoplasms
  3 giant cockroaches
  8 goblins
  7 hobgoblins
  3 jackals (D:1)
  5 kobolds
  A quokka (D:1)
  4 frilled lizards
  2 rats (D:2)
60 creatures vanquished.

Notes
Turn   | Place    | Note
-------+----------+-------------------------------------------
     0 | D:1      | Fractals the Tengu Conjurer began the quest for the Orb.
     0 | D:1      | Reached XP level 1. HP: 10/10 MP: 4/4
   145 | D:1      | Reached skill level 1 in Fighting
   145 | D:1      | Reached XP level 2. HP: 16/16 MP: 3/6
   187 | D:1      | Learned a level 2 spell: Searing Ray
   359 | D:1      | Reached XP level 3. HP: 20/20 MP: 5/7
  1234 | D:2      | Reached XP level 4. HP: 25/26 MP: 3/8
  1818 | D:3      | Found a broken altar of Ashenzari.
  1819 | D:3      | Identified the +0 spear "Feebioc" {protect, Dex+5}
  2134 | D:3      | Found a sacrificial altar of Ru.
  2433 | D:3      | Reached skill level 6 in Conjurations
  2433 | D:3      | Reached XP level 5. HP: 4/30 MP: 7/10
  2855 | D:4      | Noticed a sky beast
  2862 | D:4      | Slain by a sky beast

Illustrated notes

Levels and vault maps discovered:
D:1:      scummos_arrival_star, layout_rooms, st_stairs_2, minivault_24,
          nicolae_concentric_dashed_squares_wild, chequers_avenue,
          serial_bayou_pond_d
D:2:      layout_loops_cross
D:3:      layout_rooms, nicolae_ru_the_path_less_chosen,
          nicolae_ashenzari_panopticon, serial_aquarium,
          aquarium_bridge_long_joined [aquarium_subvault_window,
          aquarium_subvault_bridge, aquarium_subvault_window,
          aquarium_subvault_wall, aquarium_subvault_bridge,
          aquarium_subvault_window], aquarium_bridge_square
          [aquarium_subvault_wall, aquarium_subvault_bridge,
          aquarium_subvault_wall, aquarium_subvault_bridge],
          aquarium_window_corridor_3, aquarium_window_fake,
          aquarium_window_fake, aquarium_view_2d
D:4:      minmay_door_path, layout_basic, mainiacjoe_overflow_surrounded_room,
          minmay_gold_behind_fungi, dreamdust_wishing_well, grunt_ministairs_9

Skill      XL: |  1  2  3  4 |
---------------+-------------+-----
Fighting       | 1 2 |  2.0
Stealth        | 3 |  3.0
Spellcasting   | 3 |  3.1
Conjurations   | 6 |  6.2
Dodging        | |  2.1

Action                     |  1- 3 |  4- 6 || total
---------------------------+-------+-------++-------
  Melee: Short sword       |    46 |    25 ||    71
         Kick              |     7 |    18 ||    25
         Peck              |     7 |    14 ||    21
         Spear             |       |    37 ||    37
   Cast: Magic Dart        |    23 |     9 ||    32
         Searing Ray       |     7 |     3 ||    10
    Use: Scroll            |     1 |     1 ||     2
   Stab: Sleeping          |     2 |     5 ||     7
 Armour: Robe              |    28 |    28 ||    56
  Dodge: Dodged            |    46 |    35 ||    81

Table legend: (Time is in decaauts)
 A = Elapsed time spent in this place.
 B = Non-inter-level travel time spent in this place.
 C = Inter-level travel time spent in this place.
 D = Time resting spent in this place.
 E = Time spent auto-exploring this place.
 F = Levels seen in this place.
 G = Mean time per level.
                   A        B        C        D        E       F      G
               +--------+--------+--------+--------+--------+-----+--------+
         Total |   2864 |   2797 |     67 |    400 |   1740 |   4 |  716.0 |
       Dungeon |   2864 |   2797 |     67 |    400 |   1740 |   4 |  716.0 |
               +--------+--------+--------+--------+--------+-----+--------+

Top non-repeatable levels by time:
     D:2: 1036 daAuts
     D:3: 867 daAuts
     D:1: 731 daAuts
     D:4: 229 daAuts
